 Dungeon Crawl Stone Soup version 0.28-a0-1206-g193881aaa2 (webtiles) character file.

Game seed: 9076543840295414282

92 tenox2800 the Gusty (level 4, -3/33 HPs)
             Began as a Draconian Air Elementalist on Dec 20, 2021.
             Slain by Crazy Yiuf (8 damage)
             ... on level 3 of the Dungeon.
             The game lasted 00:15:27 (3546 turns).

tenox2800 the Gusty (Draconian Air Elementalist)    Turns: 3546, Time: 00:15:28

Health: -3/33      AC:  5    Str: 10    XL:     4   Next: 35%
Magic:  3/8        EV: 11    Int: 17    God:
Gold:   75         SH:  3    Dex: 12    Spells: 7/8 levels left

rFire   . . .      SeeInvis .   c - +2 short sword (elec)
rCold   . . .      Faith    .   a - +0 buckler
rNeg    . . .      Spirit   .   (armour unavailable)
rPois   .          Reflect  .   (helmet restricted)
rElec   .          Harm     .   (no cloak)
rCorr   .          Rampage  .   (no gloves)
Will    .....                   (no boots)
Stlth   ++........              (no amulet)
HPRegen 0.11/turn               (no ring)
MPRegen 0.11/turn               (no ring)

@: no status effects
A: AC +5, unfitting armour, cold-blooded
a: no special abilities


You were on level 3 of the Dungeon.
You visited 1 branch of the dungeon, and saw 3 of its levels.

You collected 75 gold pieces.

Inventory:

Hand Weapons
 c - a +2 short sword of electrocution (weapon)
Armour
 a - a +0 buckler (worn)
 o - a +0 robe
Wands
 j - a wand of iceblast (11)
Scrolls
 d - a scroll of torment {unknown}
 g - a scroll of fog {unknown}
 h - a scroll of identify {unknown}
 i - a scroll of amnesia {unknown}
 k - a scroll of summoning {unknown}
 n - 2 scrolls of enchant armour {unknown}
 p - a scroll of enchant weapon {unknown}
 q - a scroll of vulnerability {unknown}
Potions
 b - a potion of lignification {unknown}
 e - a potion of magic {unknown}
 f - 2 potions of brilliance {unknown}
 l - 2 potions of mutation {unknown}
 m - 2 potions of degeneration {unknown}


   Skills:
 + Level 0.2 Fighting
 + Level 0.3 Short Blades
 + Level 2.0 Dodging
 + Level 2.1 Stealth
 + Level 0.1 Shields
 + Level 1.1 Unarmed Combat
 + Level 2.8 Spellcasting
 + Level 1.5 Conjurations
 + Level 3.6 Air Magic


You had 7 spell levels left.
You knew the following spells:

 Your Spells              Type           Power      Damage    Failure   Level
a - Shock                 Conj/Air       44%        1d5       10%         1

Your spell library contained the following spells:

 Spells                   Type           Power      Damage    Failure   Level
 Static Discharge         Conj/Air       11%        N/A       16%         2
 Swiftness                Air            14%        N/A       19%         3
 Foxfire                  Conj/Fire      16%        2x1d4     22%         1
 Conjure Flame            Conj/Fire      4%         6-21      54%         3
 Airstrike                Air            7%         N/A       54%         4
 Inner Flame              Hex/Fire       2%         N/A       65%         3
 Flame Wave               Conj/Fire      4%         2d4       91%         4


Dungeon Overview and Level Annotations

Branches:
Dungeon (3/15)

Altars:
Ru
The Shining One

Annotations:
D:3 Crazy Yiuf


Innate Abilities, Weirdness & Mutations

Your plain brown scales are hard. (AC +5)
You cannot fit into any form of body armour.
You are cold-blooded and may be slowed by cold attacks.


Message History

Crazy Yiuf hits you with a +3 quarterstaff of chaos!
Crazy Yiuf freezes you.
Casting: Shock (safe; 10% risk of failure)
Confirm with . or Enter, or press ? or * to list all spells.
Aiming: Shock (safe; 10% risk of failure)
Press: ? - help, Shift-Dir - straight line The zap misses Crazy Yiuf.
The zap hits Crazy Yiuf.
Crazy Yiuf is severely wounded.
Crazy Yiuf barely misses you.
Unknown command.
Casting: Shock (safe; 10% risk of failure)
Confirm with . or Enter, or press ? or * to list all spells.
Aiming: Shock (safe; 10% risk of failure)
Press: ? - help, Shift-Dir - straight line The zap hits Crazy Yiuf but does no damage.
Crazy Yiuf is severely wounded.
The zap misses Crazy Yiuf.
Crazy Yiuf says, "Orb cower blue!"
Crazy Yiuf hits you with a +3 quarterstaff of chaos!
Casting: Shock (safe; 10% risk of failure)
Confirm with . or Enter, or press ? or * to list all spells.
Aiming: Shock (safe; 10% risk of failure)
Press: ? - help, Shift-Dir - straight line The zap hits Crazy Yiuf.
Crazy Yiuf is severely wounded.
The zap hits Crazy Yiuf.
Crazy Yiuf is almost dead.
Crazy Yiuf hits you with a +3 quarterstaff of chaos!
* * * LOW HITPOINT WARNING * * *
Crazy Yiuf draws strength from your wounds!
Casting: Shock (safe; 10% risk of failure)
Confirm with . or Enter, or press ? or * to list all spells.
Aiming: Shock (safe; 10% risk of failure)
Press: ? - help, Shift-Dir - straight line The zap hits Crazy Yiuf.
Crazy Yiuf is severely wounded.
The zap hits Crazy Yiuf but does no damage.
Crazy Yiuf is severely wounded.
Crazy Yiuf hits you with a +3 quarterstaff of chaos!
You die...

#######.##<#...##
##........# #####
#.##....... #..)#
#######...# #...#
######..## ...
#.......# #'#
#.#....## ##g#
#.#.#### #@##
#.#.# ##.# #.#.#
#.## #.#.# ##.##
#>#.###### #.PP##
#.#.)).... ##.PP#
#.######.. ##..##
##.######.#
#....#
#.........#
##...#
##....#####


You could see Crazy Yiuf.

Vanquished Creatures
  3 adders
  2 worms
  A dart slug (D:1)
  7 orcs (D:3)
  3 endoplasms
  A giant cockroach (D:2)
  3 goblins
  4 hobgoblins
  2 quokkas
  5 ball pythons
  8 bats
  3 frilled lizards (D:2)
  4 kobolds
  4 rats
50 creatures vanquished.

Vanquished Creatures (others)
  2 fungi
2 creatures vanquished.

Grand Total: 52 creatures vanquished

Notes
Turn   | Place    | Note
-------+----------+-------------------------------------------
     0 | D:1      | tenox2800 the Draconian Air Elementalist began the quest
                  | for the Orb.
     0 | D:1      | Reached XP level 1. HP: 14/14 MP: 3/3
   585 | D:1      | Reached XP level 2. HP: 19/20 MP: 0/5
  1452 | D:2      | Reached skill level 1 in Unarmed Combat
  1452 | D:2      | Reached XP level 3. HP: 26/26 MP: 0/6
  2180 | D:2      | Found a glowing golden altar of the Shining One.
  2382 | D:2      | Found a faded altar of an unknown god.
  2593 | D:3      | Reached XP level 4. HP: 33/33 MP: 3/8
  3240 | D:3      | Found a sacrificial altar of Ru.
  3535 | D:3      | Found a runed translucent door.
  3536 | D:3      | Noticed Crazy Yiuf
  3546 | D:3      | Slain by Crazy Yiuf

Illustrated notes

Levels and vault maps discovered:
D:1:      minmay_arrival_hallway, layout_loops_ring
D:2:      layout_loops_cross, basic_altar, shapermc_ecumenical_altar_petra
D:3:      layout_loops_ring, nicolae_ru_path_of_blood, uniq_crazy_yiuf_cottage

Skill      XL: |  1  2  3 |
---------------+----------+-----
Stealth        | 2 |  2.1
Unarmed Combat | 1 |  1.1
Dodging        | 2 |  2.0
Fighting       | |  0.2
Short Blades   | |  0.3
Shields        | |  0.1
Spellcasting   | |  2.8
Conjurations   | |  1.5
Air Magic      | |  3.6

Action                   |  1- 3 |  4- 6 || total
-------------------------+-------+-------++-------
Melee: Unarmed           |    10 |       ||    10
       Tailslap          |     4 |       ||     4
       Short sword       |    36 |     6 ||    42
 Cast: Shock             |    60 |    31 ||    91
 Stab: Sleeping          |     1 |     1 ||     2
Armor: Skin              |    33 |     1 ||    34
Dodge: Dodged            |    61 |     4 ||    65
Block: Buckler           |    11 |     2 ||    13

Table legend: (Time is in decaauts)
 A = Elapsed time spent in this place.
 B = Non-inter-level travel time spent in this place.
 C = Inter-level travel time spent in this place.
 D = Time resting spent in this place.
 E = Time spent auto-exploring this place.
 F = Levels seen in this place.
 G = Mean time per level.
                   A        B        C        D        E       F      G
               +--------+--------+--------+--------+--------+-----+--------+
         Total |   3552 |   3344 |    208 |      4 |   2656 |   3 | 1184.0 |
       Dungeon |   3552 |   3344 |    208 |      4 |   2656 |   3 | 1184.0 |
               +--------+--------+--------+--------+--------+-----+--------+

Top non-repeatable levels by time:
     D:2: 1367 daAuts
     D:3: 1101 daAuts
     D:1: 1083 daAuts
